 Dungeon Crawl Stone Soup version 0.28.0-53-g5a82cb258f (webtiles) character file.

Game seed: 1372138806212403068

436 SanguineChosen the Cudgeller (level 7, 0/43 HPs)
             Began as a Gargoyle Fighter on July 8, 2022.
             Slain by a gnoll
             ... wielding a +0 halberd
              (3 damage)
             ... on level 4 of the Dungeon.
             The game lasted 00:10:53 (4408 turns).

SanguineChosen the Cudgeller (Gargoyle Fighter)     Turns: 4408, Time: 00:10:55

Health: 0/43       AC: 12    Str: 18 (21) XL:     7   Next: 1%
Magic:  7/7        EV:  9    Int:  6 (9)  God:
Gold:   151        SH:  4    Dex:  7 (9)  Spells: 6/6 levels left

rFire   . . .      SeeInvis .   a - +0 flail
rCold   . . .      Faith    .   c - +0 buckler
rNeg    + . .      Spirit   .   b - +0 scale mail
rPois   ∞          Reflect  .   (no helmet)
rElec   +          Harm     .   (no cloak)
rCorr   .          Rampage  .   (no gloves)
Will    .....                   (no boots)
Stlth   ..........              (no amulet)
HPRegen 0.14/turn               (no ring)
MPRegen 0.10/turn               (no ring)

@: no status effects
A: sickness immunity, AC +4, negative energy resistance 1, electricity
resistance, torment resistance 1, petrification resistance
a: no special abilities


You were on level 4 of the Dungeon.
You visited 1 branch of the dungeon, and saw 4 of its levels.

You collected 151 gold pieces.

Inventory:

Hand Weapons
 a - a +0 flail (weapon)
Missiles
 d - a throwing net
 h - 4 poisoned darts (quivered)
 r - 6 atropa-tipped darts
Armour
 b - a +0 scale mail (worn)
 c - a +0 buckler (worn)
Jewellery
 q - a ring of willpower
Scrolls
 e - a scroll of holy word {unknown}
 g - a scroll of vulnerability {unknown}
 i - a scroll of noise {unknown}
 j - a scroll of enchant weapon {unknown}
 k - a scroll of summoning {unknown}
 m - 2 scrolls of identify {unknown}
 o - a scroll of enchant armour {unknown}
 p - a scroll of amnesia {unknown}
Potions
 f - a potion of curing {unknown}
 n - a potion of lignification {unknown}


   Skills:
 + Level 4.2 Fighting
 + Level 5.1 Maces & Flails
 + Level 4.5 Armour
 + Level 1.7 Dodging
 + Level 0.3 Stealth
 + Level 4.0 Shields


You had 6 spell levels left.
You didn't know any spells.
Your spell library contained the following spells:

 Spells                   Type           Power      Damage    Failure   Level
 Pain                     Necr           0%         1d4       89%         1
 Agony                    Necr           0%         N/A       100%        5
 Excruciating Wounds      Necr           0%         N/A       100%        5


Dungeon Overview and Level Annotations

Branches:
Dungeon (4/15)
 Temple: D:4-7

Altars:

Shops:
D:4 =[[


Innate Abilities, Weirdness & Mutations

You are immune to sickness and miasma.
Your stone body is resilient. (AC +4)
You are immune to poison.
You resist negative energy. (rN+)
You are resistant to electric shocks. (rElec)
You are resistant to unholy torment.
You are immune to petrification.


Message History

The gnoll shaman calls upon its god to heal the gnoll.
The gnoll's wounds heal themselves!
The gnoll hits you from afar with a +0 halberd.
You block the gnoll shaman's attack.
You sock the gnoll shaman!
You kill the gnoll shaman!
The gnoll hits you from afar with a +0 halberd.
You block the gnoll's attack.
Your Maces & Flails skill increases to level 5!
You have reached level 7!
You barely miss the gnoll. The gnoll hits you with a +0 whip.
The gnoll closely misses you.
You thump the gnoll!
The gnoll is severely wounded.
The gnoll hits you with a +0 whip.
* * * LOW HITPOINT WARNING * * *
The gnoll hits you but does no damage. The gnoll hits you with a +0 whip.
* * * LOW HITPOINT WARNING * * *
It was a potion of degeneration.
There was something very wrong with that liquid.
You feel weakened.
You feel dopey.
You feel clumsy. The gnoll hits you but does no damage.
The gnoll barely misses you. The gnoll closely misses you.
Things that are here:
a +0 spear; a gnoll corpse The gnoll barely misses you.
The gnoll hits you with a +0 whip.
* * * LOW HITPOINT WARNING * * *
The gnoll hits you with a +0 whip.
* * * LOW HITPOINT WARNING * * *
The gnoll hits you but does no damage. The gnoll hits you but does no damage.
The gnoll hits you but does no damage.
You see here a hobgoblin corpse.
The gnoll misses you.
You sock the gnoll!
You kill the gnoll!
The gnoll hits you but does no damage.
The gnoll hits you from afar with a +0 halberd.
You die...

# # #
#####################
....................#
#############.###.#.#
# #.###.# # ######
#.##@)# .....#
#.##.## # ####.#
#.##g##.# .###.#
#...g...#
..##.###########g####
..##.#.....##......#
..##.#.....##.##.#.#
..##.......##.##.#.#
#.####.....##.##...#


You could see 3 gnolls.

Vanquished Creatures
  A centaur (D:4)
  A scorpion (D:4)
  A centaur zombie (D:3)
  A hound (D:4)
  A gnoll shaman (D:4)
  A centaur skeleton (D:3)
  6 gnolls
  6 adders
  2 worms
  A dart slug (D:1)
  6 endoplasms
  2 giant cockroaches
  10 goblins
  9 hobgoblins
  6 jackals
  2 kobolds (D:1)
  2 quokkas (D:2)
  7 ball pythons
  3 bats
  3 frilled lizards
  2 rats
73 creatures vanquished.

Notes
Turn   | Place    | Note
-------+----------+-------------------------------------------
     0 | D:1      | SanguineChosen the Gargoyle Fighter began the quest for the
                  | Orb.
     0 | D:1      | Reached XP level 1. HP: 14/14 MP: 1/1
     1 | D:1      | Found a faded altar of an unknown god.
   136 | D:1      | Reached XP level 2. HP: 13/19 MP: 2/2
   799 | D:1      | Reached XP level 3. HP: 24/24 MP: 3/3
  1746 | D:2      | Reached XP level 4. HP: 29/29 MP: 4/4
  2226 | D:3      | Reached skill level 3 in Maces & Flails
  2293 | D:3      | Reached XP level 5. HP: 31/33 MP: 5/5
  2595 | D:3      | Reached skill level 4 in Maces & Flails
  2597 | D:3      | Reached skill level 1 in Dodging
  3395 | D:4      | Noticed a centaur
  3410 | D:4      | Killed a centaur
  3411 | D:4      | Reached XP level 6. HP: 19/38 MP: 6/6
  3611 | D:4      | Found Amigako's Jewellery Boutique.
  3612 | D:4      | Found Adiolene's Armour Shoppe.
  3613 | D:4      | Found Qabluveh's Antique Armour Shoppe.
  4390 | D:4      | Reached skill level 5 in Maces & Flails
  4390 | D:4      | Reached XP level 7. HP: 19/43 MP: 7/7
  4399 | D:4      | HP: 1/43 [gnoll/+0 whip (4)]
  4408 | D:4      | Slain by a gnoll

Illustrated notes

Levels and vault maps discovered:
D:1:      giann_horns, layout_basic, dreamdust_ecumenical_altar_statues
D:2:      layout_rooms
D:3:      layout_basic, chequers_jeans
D:4:      layout_loops_cross, nicolae_wooded_promenade

Skill      XL: |  1  2  3  4  5  6 |
---------------+-------------------+-----
Fighting       | 4 |  4.2
Maces & Flails | 3 4 5 |  5.1
Armour         | 4 |  4.5
Dodging        | 1 |  1.7
Shields        | 4 |  4.0
Stealth        | |  0.3

Action                   |  1- 3 |  4- 6 |  7- 9 || total
-------------------------+-------+-------+-------++-------
Melee: Flail             |   109 |   160 |     3 ||   272
Throw: Dart              |       |     6 |       ||     6
  Use: Potion            |       |     3 |     1 ||     4
Armor: Scale mail        |    65 |   100 |     6 ||   171
Dodge: Dodged            |    70 |   113 |     5 ||   188
Block: Buckler           |    24 |    47 |       ||    71
